 Dungeon Crawl Stone Soup version 0.30-a0-364-gf6b3ef1049 (webtiles) character file.

Game seed: 17997455032800853550

7360 Hubris850 the Cleaver (level 11, -8/84 HPs)
             Began as a Hill Orc Fighter on Nov 14, 2022.
             Was a Believer of Makhleb.
             Mangled by a stone giant (16 damage)
             ... in a volcano.
             The game lasted 00:23:56 (8525 turns).

Hubris850 the Cleaver (Hill Orc Fighter)            Turns: 8525, Time: 00:23:57

Health: -8/84      AC: 11    Str: 24    XL:     11   Next: 14%
Magic:  17/17      EV: 11    Int: 14    God:    Makhleb [**....]
Gold:   301        SH:  8    Dex: 18    Spells: 10/10 levels left

rFire   . . .      SeeInvis .    A - +1 war axe (freeze)
rCold   . . .      Faith    .    c - +2 buckler
rNeg    . . .      Spirit   .    G - +0 steam dragon scales
rPois   .          Reflect  .    C - +0 helmet of Precision Catastrophes {Int+6 Dex+2}
rElec   .          Harm     .    z - +0 cloak
rCorr   .          Rampage  .    m - +0 pair of gloves
Will    +....                    h - +0 pair of boots
Stlth   ++........               (no amulet)
HPRegen 0.34/turn                p - +6 ring of dexterity
MPRegen 0.15/turn                B - ring of willpower

@: no status effects
A: no striking features
a: Renounce Religion, Minor Destruction


You were in a volcano.
You worshipped Makhleb.
Makhleb was pleased with you.
You visited 3 branches of the dungeon, and saw 11 of its levels.
You visited the Abyss 1 time.
You also visited: Volcano.

You collected 538 gold pieces.
You spent 237 gold pieces at shops.

Inventory:

Hand Weapons
 a - a +0 war axe
 n - a +2 flail of protection
 q - a +5 spear
 A - a +1 war axe of freezing (weapon)
 J - a +3 hand axe of freezing
Missiles
 d - 2 atropa-tipped darts
 v - 8 poisoned darts (quivered)
 D - 4 javelins
 K - a curare-tipped dart
Armour
 b - a +0 scale mail
 c - a +2 buckler (worn)
 h - a +0 pair of boots (worn)
 m - a +0 pair of gloves (worn)
 z - a +0 cloak (worn)
 C - the +0 helmet of Precision Catastrophes (worn) {Int+6 Dex+2}
   (You bought it in a shop on level 4 of the Dungeon)

   Int:       It affects your intelligence (+6).
   Dex:       It affects your dexterity (+2).
 G - +0 steam dragon scales (worn)
Jewellery
 p - a +6 ring of dexterity (left hand)
 u - a ring of flight
 y - a ring of protection from cold
 B - a ring of willpower (right hand)
Wands
 t - a wand of polymorph (12)
 M - a wand of acid (5)
 N - a wand of roots (4)
Scrolls
 f - a scroll of immolation
 g - a scroll of fear
 j - a scroll of summoning
 l - 3 scrolls of teleportation
 o - a scroll of poison {unknown}
 E - a scroll of amnesia {unknown}
 H - a scroll of acquirement {unknown}
 I - a scroll of magic mapping {unknown}
 L - a scroll of blinking
 O - a scroll of enchant armour
Potions
 e - 2 potions of invisibility
 i - 2 potions of magic
 k - 3 potions of mutation
 r - 4 potions of attraction
 s - 2 potions of curing
 w - a potion of ambrosia
 x - a potion of flight
 F - a potion of berserk rage


   Skills:
 - Level 4.0 Fighting
 - Level 14.0 Axes
 + Level 8.3 Throwing
 - Level 6.0 Armour
 - Level 6.0 Shields
 - Level 8.5 Invocations


You had 10 spell levels left.
You didn't know any spells.
Your spell library contained the following spells:

 Spells                   Type           Power      Damage    Failure   Level
 Sandblast                Erth           0%         2d4       36%         1
 Shock                    Conj/Air       0%         1d3       36%         1
 Ensorcelled Hibernation  Hex/Ice        0%         N/A       50%         2
 Passwall                 Tmut/Erth      0%         N/A       50%         2
 Inner Flame              Hex/Fire       0%         N/A       73%         3
 Spider Form              Tmut/Pois      0%         N/A       73%         3
 Stone Arrow              Conj/Erth      0%         3d7       73%         3
 Swiftness                Air            0%         N/A       73%         3
 Airstrike                Air            0%         2d(0-16)  98%         4
 Anguish                  Hex/Necr       0%         N/A       98%         4
 Flame Wave               Conj/Fire      0%         2d4       98%         4
 Sticky Flame             Conj/Fire      0%         2d3       98%         4


Dungeon Overview and Level Annotations

Branches:
Dungeon (9/15)             Temple (1/1) D:4            Lair (1/5) D:8
Volcano (1/1)
    Orc: D:9-12

Altars:
Ashenzari
Cheibriados
Dithmenos
Elyvilon
Fedhas
Gozag
Hepliaklqana
Kikubaaqudgha
Makhleb
Nemelex Xobeh
Okawaru
Qazlal
Ru
Sif Muna
Trog
Uskayaw
Vehumet
Wu Jian
Xom
Yredelemnul
Zin
The Shining One

Shops:
D:3 **(=   D:4 [

Annotations:
D:7 2 transporters, lokiplouj's ghost, novice AtFi


Message History

Makhleb accepts your kill.
Found a war axe.
Things that are here:
a yak corpse; a yak corpse You now have 301 gold pieces (gained 12).
Found a dark tunnel.
There is a dark tunnel here.
Okay, then.
The world spins around you as you enter the gateway.
You enter a volcano!
Found a rocky tunnel leading out of this place.
There is a rock-blocked tunnel here.
Found 24 gold pieces.
A stone giant and a fire elemental come into view.
Found 23 gold pieces, a potion of haste and a ring mail of fire resistance.
The fire elemental moves out of view.
Found 17 gold pieces.
Found a potion of might and a great mace of flaming.
Okay, then.
You hit the stone giant. You freeze the stone giant.
The stone giant is lightly wounded.
You hit the fire elemental. You freeze the fire elemental.
The fire elemental hits you. The fire elemental burns you!
You slice the stone giant!! You freeze the stone giant.
The stone giant is moderately wounded.
You hit the fire elemental but do no damage.
The fire elemental hits you. The fire elemental burns you!
The stone giant hits you!
You slash the stone giant! You freeze the stone giant.
The stone giant is heavily wounded.
You closely miss the fire elemental. You block the fire elemental's attack.
The stone giant hits you!!
* * * LOW HITPOINT WARNING * * *
You hit the stone giant but do no damage.
The stone giant is heavily wounded.
You hit the fire elemental. You freeze the fire elemental.
The fire elemental hits you. The fire elemental burns you!
* * * LOW HITPOINT WARNING * * *
The stone giant hits you!
You die...

.....§§
##....≈.§§≈
##....≈≈≈§§≈
##....§≈≈≈≈§≈
#....≈≈≈≈≈≈≈≈
##...≈≈≈≈≈§§§≈
####....§≈§≈≈§≈≈≈
##........§§≈§§≈≈≈
#@..#####...§..§.§
#CE### ##########
#..°≈ # $$..§≈≈
§$[!.≈≈§§≈ #
#≈.)!§§≈≈§# ##
#§≈≈§≈§≈≈### #§
#≈≈§§≈≈≈## ## #


You could see a stone giant and a fire elemental.

Vanquished Creatures
  Erica (D:8)
  Maggie (D:6)
  Prince Ribbit (D:8)
  3 wyverns (D:8)
  2 basilisks (D:8)
  Grum (D:8)
  4 yaks (Lair:1)
  3 steam dragons (D:7)
  The ghost of Nerdsrcool the Firebug, an amateur TeFE (D:4)
  An acid dragon (D:8)
  Duvessa (D:6)
  5 water moccasins
  3 black bears
  3 orc warriors
  2 sky beasts
  An ogre (D:6)
  A centaur (D:6)
  6 wolves (D:8)
  Blork the orc (D:4)
  3 phantoms
  A kobold brigand (D:7)
  A gnoll sergeant (D:5)
  6 bullfrogs
  A necrophage (D:7)
  3 scorpions
  3 wights (D:7)
  Dowan (D:6)
  A water moccasin skeleton (D:4)
  4 bullfrog zombies (D:4)
  2 hounds
  5 orc priests (D:8)
  2 jellies
  Terence (D:2)
  7 iguanas
  4 orc wizards
  9 gnolls
  7 adders
  A white imp (D:6)
  An ufetubus (D:6)
  A worm (D:2)
  A dart slug (D:3)
  21 orcs
  3 ball pythons
  5 endoplasms
  5 giant cockroaches
  4 hobgoblins
  5 jackals
  11 kobolds
  4 quokkas
  6 bats
  3 frilled lizards
  10 goblins
  4 rats
187 creatures vanquished.

Vanquished Creatures (others)
  3 fungi (D:8)
  24 plants
27 creatures vanquished.

Grand Total: 214 creatures vanquished

Notes
Turn   | Place    | Note
-------+----------+-------------------------------------------
     0 | D:1      | Hubris850 the Hill Orc Fighter began the quest for the Orb.
     0 | D:1      | Reached XP level 1. HP: 19/19 MP: 1/1
   288 | D:1      | Reached skill level 3 in Axes
   288 | D:1      | Reached XP level 2. HP: 27/27 MP: 2/2
   833 | D:2      | Found a faded altar of an unknown god.
   962 | D:2      | Noticed Terence
   976 | D:2      | Killed Terence
   977 | D:2      | Reached XP level 3. HP: 11/33 MP: 3/3
  1334 | D:2      | Reached XP level 4. HP: 37/40 MP: 4/4
  1549 | D:3      | Reached skill level 4 in Axes
  1841 | D:3      | Found Rozeix's General Store.
  1844 | D:3      | Reached XP level 5. HP: 43/46 MP: 5/5
  1887 | D:3      | Found Suleah's Assorted Antiques.
  1980 | D:3      | Found Wiciuf's Antique Weapon Shop.
  2034 | D:3      | Found Faederph's Jewellery Boutique.
  2305 | D:4      | Noticed Blork the orc
  2316 | D:4      | Killed Blork the orc
  2449 | D:4      | Reached skill level 5 in Axes
  2454 | D:4      | Found a staircase to the Ecumenical Temple.
  2458 | D:4      | Reached XP level 6. HP: 37/52 MP: 6/6
  2547 | Temple   | Entered the Ecumenical Temple
  2660 | D:4      | Found a runed translucent gate.
  2660 | D:4      | Found a runed translucent gate.
  2661 | D:4      | Found a runed translucent gate.
  2663 | D:4      | Noticed Nerdsrcool's ghost (amateur TeFE)
  2685 | D:4      | Reached skill level 5 in Armour
  2741 | D:4      | Found a broken altar of Ashenzari.
  2838 | D:4      | Reached skill level 5 in Shields
  3036 | D:4      | Found Biewk's Antique Armour Shoppe.
  3147 | D:5      | Entered Level 5 of the Dungeon
  3154 | D:5      | Found a blossoming altar of Fedhas.
  3438 | D:4      | Bought an encrusted helmet for 237 gold pieces
  3438 | D:4      | Identified the +0 helmet of Precision Catastrophes {Int+6
                  | Dex+2} (You bought it in a shop on level 4 of the Dungeon)
  3500 | D:5      | Reached skill level 6 in Axes
  3500 | D:5      | Reached XP level 7. HP: 59/59 MP: 7/7
  3971 | D:5      | Reached skill level 7 in Axes
  4163 | D:5      | Reached skill level 8 in Axes
  4163 | D:5      | Reached XP level 8. HP: 47/66 MP: 8/8
  4726 | Temple   | Became a worshipper of Makhleb the Destroyer
  4854 | D:6      | Reached skill level 1 in Invocations
  4891 | D:6      | Noticed Dowan
  4891 | D:6      | Noticed Duvessa
  4906 | D:6      | Killed Duvessa
  4907 | D:6      | Reached skill level 9 in Axes
  4915 | D:6      | Killed Dowan
  4950 | D:6      | Noticed Maggie
  4961 | D:6      | Killed Maggie
  4962 | D:6      | Reached skill level 10 in Axes
  4962 | D:6      | Reached skill level 5 in Invocations
  5207 | D:6      | Reached XP level 9. HP: 71/71 MP: 11/13
  5715 | D:7      | Reached skill level 11 in Axes
  5846 | D:7      | Found a glowing golden altar of the Shining One.
  5914 | D:7      | Found a snail-covered altar of Cheibriados.
  6027 | D:7      | Found a transporter.
  6037 | D:7      | Found a transporter.
  6043 | D:7      | Found a bloodstained altar of Trog.
  6053 | D:7      | Noticed a two-headed ogre
  6053 | D:7      | Noticed a moth of wrath
  6053 | D:7      | Noticed lokiplouj's ghost (novice AtFi)
  6129 | D:7      | Reached * piety under Makhleb
  6424 | D:7      | Reached skill level 12 in Axes
  6789 | D:7      | Found a bloodstained altar of Trog.
  6925 | D:4      | Killed Nerdsrcool's ghost
  6953 | D:4      | Reached skill level 13 in Axes
  7093 | D:8      | Noticed Prince Ribbit
  7133 | D:8      | Killed Prince Ribbit
  7134 | D:8      | Reached skill level 1 in Throwing
  7134 | D:8      | Reached XP level 10. HP: 56/78 MP: 16/16
  7372 | D:8      | Reached skill level 14 in Axes
  7377 | D:8      | Found a sacrificial altar of Ru.
  7403 | D:8      | Found a staircase to the Lair.
  7437 | D:8      | Reached ** piety under Makhleb
  7571 | D:8      | Noticed Erica
  7577 | D:8      | Killed Erica
  7578 | D:8      | Reached skill level 5 in Throwing
  7603 | D:8      | Found a hide-covered altar of Uskayaw.
  7644 | D:8      | Noticed Grum
  7666 | D:8      | Killed Grum
  7794 | Abyss:2  | Cast into level 2 of the Abyss (orc warrior)
  7809 | D:8      | Escaped the Abyss
  8090 | D:8      | Found a stormy altar of Qazlal.
  8323 | Lair:1   | Entered Level 1 of the Lair of Beasts
  8328 | Lair:1   | Reached XP level 11. HP: 84/84 MP: 17/17
  8495 | Lair:1   | Found a dark tunnel.
  8499 | Volcano  | Entered a volcano
  8518 | Volcano  | Noticed a stone giant
  8525 | Volcano  | Mangled by a stone giant

Illustrated notes

Levels and vault maps discovered:
D:1:      dpeg_arrival_concentric_ovals, layout_basic,
          wander_ebering_terrifying_dragon_lair
D:2:      layout_rooms, basic_ecumenical_altar, uniq_terence
D:3:      layout_loops_cross, serial_shops, nicolae_shop_waterfront, shop,
          shop_statue, shop, saegor_snake_ambush
D:4:      layout_rooms, mainiacjoe_overflow_boulevard, temple_statues,
          gammafunk_ghost_necromancy, serial_shops, kennysheep_little_box,
          uniq_blork_the_orc
D:5:      wad_lake_hut, layout_basic, general_overflow_altar
D:6:      minmay_spotlight, layout_basic, uniq_duvessa, uniq_maggie
D:7:      cheibrodos_steamvent, layout_loops_corners, lemuel_round_altar,
          old_standard_altar, trog_book, gammafunk_ghost_wrathful_warriors
D:8:      layout_loops_ring, lemuel_round_altar,
          nicolae_qazlal_eye_of_the_storm, nicolae_ru_great_annihilating_truth,
          minmay_lair_entry_grove, enter_bailey_7, uniq_erica,
          uniq_prince_ribbit1, uniq_grum
D:9:      cheibrodos_barr_body, layout_rooms, orc_david_3, uniq_erolcha
Temple:   nicolae_temple_two_arcs
Lair:1:   layout_chaotic_city, nicolae_volcano_entry_lava_flow,
          beast_lair_carwin_2
Volcano:  volcano_pools

Skill      XL: |  1  2  3  4  5  6  7  8  9 10 11 |
---------------+----------------------------------+-----
Axes           | 3 4 5 6 8 10 13 14 | 14.0
Fighting       | 4 |  4.0
Armour         | 4 5 6 |  6.0
Shields        | 4 5 6 |  6.0
Invocations    | 5 8 |  8.5
Throwing       | 1 7 8 |  8.3

Action                   |  1- 3 |  4- 6 |  7- 9 | 10-12 || total
-------------------------+-------+-------+-------+-------++-------
Melee: War axe           |    59 |    30 |   288 |   176 ||   553
       Flail             |    25 |   121 |       |       ||   146
Throw: Throwing net      |     1 |       |       |       ||     1
       Javelin           |       |     1 |     7 |       ||     8
       Dart              |       |     6 |     6 |       ||    12
  Use: Scroll            |       |       |    18 |     1 ||    19
       Potion            |       |       |     1 |     6 ||     7
 Stab: Sleeping          |       |       |     1 |       ||     1
       Invisible         |       |       |       |     2 ||     2
       Paralysed         |       |       |       |     1 ||     1
Armor: Scale mail        |    45 |    87 |    51 |       ||   183
       Steam dragon scal |       |       |    49 |    60 ||   109
Dodge: Dodged            |    40 |    72 |   114 |    62 ||   288
Block: Buckler           |    15 |    46 |    97 |    53 ||   211

Table legend: (Time is in decaauts)
 A = Elapsed time spent in this place.
 B = Non-inter-level travel time spent in this place.
 C = Inter-level travel time spent in this place.
 D = Time resting spent in this place.
 E = Time spent auto-exploring this place.
 F = Levels seen in this place.
 G = Mean time per level.
                   A        B        C        D        E       F      G
               +--------+--------+--------+--------+--------+-----+--------+
         Total |   8609 |   7939 |    670 |    861 |   4964 |  13 |  662.2 |
       Dungeon |   8412 |   7760 |    652 |    861 |   4964 |   9 |  934.7 |
        Temple |    112 |     94 |     18 |      0 |      0 |   1 |  112.0 |
          Lair |     44 |     44 |      0 |      0 |      0 |   1 |   44.0 |
         Abyss |     14 |     14 |      0 |      0 |      0 |   1 |   14.0 |
       Volcano |     25 |     25 |      0 |      0 |      0 |   1 |   25.0 |
               +--------+--------+--------+--------+--------+-----+--------+

Top non-repeatable levels by time:
     D:5: 1585 daAuts
     D:8: 1341 daAuts
     D:7: 1177 daAuts
     D:6: 986 daAuts
     D:4: 915 daAuts
     D:3: 880 daAuts
     D:1: 802 daAuts
     D:2: 721 daAuts
  Temple: 112 daAuts
  Lair:1: 44 daAuts
 Volcano: 25 daAuts
 Abyss:2: 14 daAuts
     D:9: 1 daAuts
